 Dungeon Crawl Stone Soup version 0.27-a0-1416-g941b2bd30b (webtiles) character file.

Game seed: 16070055466877597333

44 Brandom the Insei (level 3, -2/24 HPs)
             Began as an Octopode Transmuter on July 1, 2021.
             Was a Believer of Elyvilon.
             Slain by Jessica (4 damage)
             ... on level 2 of the Dungeon.
             The game lasted 00:05:12 (1911 turns).

Brandom the Insei (Octopode Transmuter)             Turns: 1911, Time: 00:05:13

Health: -2/24      AC:  1    Str:  9    XL:     3   Next: 62%
Magic:  4/6        EV: 13    Int: 16    God:    Elyvilon [**....]
Gold:   54         SH:  0    Dex: 12    Spells: 2/6 levels left

rFire    . . .     SeeInvis .     - Unarmed
rCold    . . .     Faith    .   (no shield)
rNeg     . . .     Spirit   .   (helmet currently unavailable)
rPois    .         Reflect  .   (no amulet)
rElec    .         Harm     .   (no ring)
rCorr    .         Rampage  .   (no ring)
Will     .....                  (no ring)
Stlth    ++........             (no ring)
HPRegen  0.08/turn              (no ring)
MPRegen  0.10/turn              (no ring)
                                (no ring)
                                (no ring)

@: lethally poisoned (-2 -> -16), appendages
A: tentacle spike 3, almost no armour, amphibious, 8 rings, camouflage 1,
gelatinous body 1, (nimble swimmer 1), tentacles
a: End Transformation, Renounce Religion, Lesser Healing, Heal Other, Divine
Protection


You were on level 2 of the Dungeon.
You worshipped Elyvilon.
Elyvilon was pleased with you.
One of your tentacles had grown a beastly spike.
You visited 1 branch of the dungeon, and saw 2 of its levels.

You collected 54 gold pieces.

Inventory:

Hand Weapons
 f - a +0 trident
   (You found it on level 1 of the Dungeon)
Scrolls
 b - a scroll of noise {unknown}
 d - a scroll of fear {unknown}
Potions
 a - a potion of cancellation {unknown}
 c - 2 potions of brilliance {unknown}
 e - 2 potions of flight {unknown}


   Skills:
 * Level 2.1 Fighting
 + Level 2.3 Dodging
 + Level 3.2 Unarmed Combat
 + Level 2.2 Spellcasting
 + Level 2.3 Transmutations
 + Level 0.0 Poison Magic
 + Level 0.5 Invocations


You had 2 spell levels left.
You knew the following spells:

 Your Spells              Type           Power      Damage    Failure   Level
a - Beastly Appendage     Tmut           18%        N/A       8%          1
x - Spider Form           Tmut/Pois      2%         N/A       36%         3

Your spell library contained the following spells:

 Spells                   Type           Power      Damage    Failure   Level
 Wereblood                Tmut           9%         N/A       12%         2
 Magic Dart               Conj           4%         1d3       21%         1
 Call Imp                 Summ           1%         N/A       30%         2
 Mephitic Cloud           Conj/Pois/Air  1%         N/A       52%         3
 Ice Form                 Ice/Tmut       5%         N/A       77%         4


Dungeon Overview and Level Annotations

Branches:
Dungeon (2/15)

Altars:
Elyvilon

Annotations:
D:2 Jessica


Innate Abilities, Weirdness & Mutations

One of your tentacles has grown a beastly spike.
You cannot wear most types of armour.
You are amphibious.
You can wear up to eight rings at the same time.
Your skin changes colour to match your surroundings (Stealth+).
Your rubbery body absorbs attacks. (AC +1, EV +1)
((You are camouflaged near water. (Stealth+)))
You have tentacles for arms and can constrict up to eight enemies at once.


Message History

No target in view!
You see here a ball python corpse.
A goblin and a hobgoblin come into view.
Unknown command.
The hobgoblin shouts!
The hobgoblin hits you.
You closely miss the hobgoblin. You grab the hobgoblin.
You constrict the hobgoblin. The hobgoblin closely misses you.
You tentacle-slap the hobgoblin. You constrict the hobgoblin.
The hobgoblin hits you. The goblin hits you with a +0 club.
Jessica the Apprentice Sorceress comes into view.
She is wielding a +0 dagger of venom.
A dart slug comes into view.
You release your grip on the hobgoblin.
Jessica shouts, "You are a ghastly nuisance!"
The goblin closely misses you.
A dart slug comes into view.
The goblin hits you with a +0 club.
You see here a ball python corpse.
There is a stone staircase leading up here.
You tentacle-slap the hobgoblin.
You kill the hobgoblin!
You tentacle-slap the goblin. Your grab misses the goblin.
The goblin misses you.
You barely miss the goblin. You grab the goblin. You squeeze the goblin.
You kill the goblin!
You closely miss Jessica. You grab Jessica.
You constrict Jessica, but do no damage.
Jessica hits you with a +0 dagger of venom.
* * * LOW HITPOINT WARNING * * *
You are lethally poisoned!
One of your tentacles grows a vicious spike.
You constrict Jessica, but do no damage.
* * * LOW HITPOINT WARNING * * *
You feel very sick.
Jessica mumbles something strange.
Jessica mumbles some strange words.
Jessica seems to speed up.
Heal: Jessica, wielding a +0 dagger of venom and wearing a +0 robe (constricted by you, fast, chance to pacify: 9%)
You are healed.
You constrict Jessica.
* * * LOW HITPOINT WARNING * * *
You feel very sick.
Jessica hits you with a +0 dagger of venom.
* * * LOW HITPOINT WARNING * * *
You are more poisoned.
You tentacle-slap Jessica but do no damage.
You pierce Jessica.
You constrict Jessica.
* * * LOW HITPOINT WARNING * * *
You feel very sick.
Jessica hits you with a +0 dagger of venom.
You die...

#.....# #.....#
#.....# #.....#
####@....#.##
#####.....w......
#...#@###.#..#.##
#†#@#.# #.#..# #
#g#@#.# #.# .#
##.###.# #.# .#
#......# #.. #
######## ###


You could see Jessica (fast).

Vanquished Creatures
  A dart slug (D:1)
  4 ball pythons
  4 bats (D:1)
  3 endoplasms (D:1)
  6 goblins
  3 hobgoblins
  2 jackals (D:1)
  A kobold (D:1)
  3 quokkas (D:1)
  6 frilled lizards (D:1)
  5 rats (D:1)
  A bush (D:1)
39 creatures vanquished.

Vanquished Creatures (others)
  2 demonic plants (D:1)
  2 plants (D:1)
4 creatures vanquished.

Grand Total: 43 creatures vanquished

Notes
Turn   | Place    | Note
-------+----------+-------------------------------------------
     0 | D:1      | Brandom the Octopode Transmuter began the quest for the
                  | Orb.
     0 | D:1      | Reached XP level 1. HP: 13/13 MP: 3/3
   209 | D:1      | Found a faded altar of an unknown god.
   230 | D:1      | Became a worshipper of Elyvilon the Healer
   230 | D:1      | Reached * piety under Elyvilon
   303 | D:1      | Elyvilon protects you from harm!
   305 | D:1      | Reached XP level 2. HP: 4/18 MP: 5/5
   790 | D:1      | Reached XP level 3. HP: 10/24 MP: 4/6
  1209 | D:1      | Learned a level 3 spell: Spider Form
  1315 | D:1      | Reached ** piety under Elyvilon
  1886 | D:2      | Noticed Jessica
  1911 | D:2      | Slain by Jessica

Illustrated notes

Levels and vault maps discovered:
D:1:      minmay_arrival_pointy, layout_basic, serial_forest,
          infiniplex_forest_straight_1, infiniplex_forest_zigzag_1,
          infiniplex_forest_straight_3, infiniplex_forest_lined_2,
          infiniplex_forest_clump_large, infiniplex_forest_straight_3,
          infiniplex_forest_lined_corner, shapermc_ecumenical_altar_gd
D:2:      layout_basic, skrybe_limestone_x, minmay_domino_4, uniq_jessica

Skill      XL: |  1  2  3 |
---------------+----------+-----
Fighting       | 2 |  2.1
Dodging        | |  2.3
Unarmed Combat | |  3.2
Spellcasting   | |  2.2
Transmutations | |  2.3
Invocations    | |  0.5

Action                   || total
-------------------------++-------
Melee: Unarmed           ||   210
       Constrict         ||    23
       Tentacles         ||    52
       Kick              ||    14
       Punch             ||     5
 Cast: Beastly Appendage ||    10
Invok: Lesser Healing    ||     1
 Stab: Sleeping          ||     7
Armor: Skin              ||     9
Dodge: Dodged            ||    49

Table legend: (Time is in decaauts)
 A = Elapsed time spent in this place.
 B = Non-inter-level travel time spent in this place.
 C = Inter-level travel time spent in this place.
 D = Time resting spent in this place.
 E = Time spent auto-exploring this place.
 F = Levels seen in this place.
 G = Mean time per level.
                   A        B        C        D        E       F      G
               +--------+--------+--------+--------+--------+-----+--------+
         Total |   1898 |   1865 |     33 |    480 |    914 |   2 |  949.0 |
       Dungeon |   1898 |   1865 |     33 |    480 |    914 |   2 |  949.0 |
               +--------+--------+--------+--------+--------+-----+--------+

Top non-repeatable levels by time:
     D:1: 1815 daAuts
     D:2: 82 daAuts
